 Dungeon Crawl Stone Soup version 0.30-a0-918-g0ff054e9dc (webtiles) character file.

Game seed: 11259877173361859618

109 Darius099 the Sneak (level 4, 0/30 HPs)
             Began as an Octopode Brigand on Mar 20, 2023.
             Slain by a ball python (2 damage)
             ... on level 3 of the Dungeon.
             The game lasted 00:04:08 (1780 turns).

Darius099 the Sneak (Octopode Brigand)              Turns: 1780, Time: 00:04:09

Health: 0/30       AC:  1    Str: 10    XL:     4   Next: 90%
Magic:  4/4        EV: 10    Int: 13    God:
Gold:   171        SH:  0    Dex: 15    Spells: 3/3 levels left

rFire   . . .      SeeInvis .    a - +2 dagger
rCold   . . .      Faith    .    (no shield)
rNeg    . . .      Spirit   .    (helmet restricted)
rPois   .          Reflect  .    (no amulet)
rElec   .          Rampage  .    (no ring)
rCorr   .                        (no ring)
Will    .....                    (no ring)
Stlth   ++++                     (no ring)
HPRegen 0.25/turn                (no ring)
MPRegen 0.09/turn                (no ring)
                                 (no ring)
                                 (no ring)

@: constricted
A: almost no armour, amphibious, 8 rings, camouflage 1, gelatinous body 1,
(nimble swimmer 1), tentacles
a: no special abilities


You were on level 3 of the Dungeon.
You visited 1 branch of the dungeon, and saw 3 of its levels.

You collected 171 gold pieces.

Inventory:

Hand Weapons
 a - a +2 dagger (weapon)
Missiles
 b - 18 poisoned darts (quivered)
 c - 3 curare-tipped darts
Jewellery
 l - an amulet of faith
Scrolls
 d - a scroll of enchant armour
 g - a scroll of fog
Potions
 h - a potion of curing {unknown}
 i - 3 potions of degeneration {unknown}
 j - a potion of ambrosia {unknown}
 m - a potion of brilliance {unknown}
 n - a potion of invisibility {unknown}
 o - 2 potions of resistance {unknown}
 p - a potion of haste {unknown}


   Skills:
 + Level 2.8 Fighting
 + Level 2.8 Short Blades
 - Level 2.7 Throwing
 - Level 2.0 Dodging
 + Level 6.1 Stealth


You had 3 spell levels left.
You didn't know any spells.
Your spell library contained the following spells:

 Spells                   Type           Power      Damage    Failure   Level
 Blink                    Tloc           0%         N/A       43%         2
 Lesser Beckoning         Tloc           0%         N/A       43%         2
 Momentum Strike          Conj/Tloc      0%         3d8       43%         2


Dungeon Overview and Level Annotations

Branches:
Dungeon (3/15)

Altars:


Innate Abilities, Weirdness & Mutations

You cannot wear most types of armour.
You are amphibious.
You can wear up to eight rings at the same time.
Your skin changes colour to match your surroundings (Stealth+).
Your rubbery body absorbs attacks. (AC +1, EV +1)
((You are camouflaged when in or above water. (Stealth+)))
You have tentacles for arms and can constrict up to eight enemies at once.


Message History

The jackal bites you.
A hobgoblin comes into view.
A ball python comes into view.
You barely miss the jackal.
The hobgoblin shouts!
The ball python hisses angrily.
The orc shouts!
Your grab misses the jackal. The jackal barely misses you.
You hit the jackal but do no damage. Your grab misses the jackal.
The jackal closely misses you.
You hit the jackal. Your grab misses the jackal.
Your squeeze misses the jackal.
The jackal is severely wounded.
The jackal bites you. x2
You hit the jackal but do no damage. Your grab misses the jackal.
Your squeeze misses the jackal.
The jackal is severely wounded.
The jackal bites you. The jackal closely misses you. The jackal bites you.
You hit the jackal.
You kill the jackal!
A goblin comes into view. It is wielding a +0 club.
The orc closely misses you. The hobgoblin attacks as you move away!
The hobgoblin hits you. The orc attacks as you move away!
The orc hits you with a +0 short sword. The hobgoblin attacks as you move away!
The hobgoblin hits you.
* * * LOW HITPOINT WARNING * * *
The hobgoblin attacks as you move away! The hobgoblin closely misses you.
The orc attacks as you move away! The orc hits you with a +0 short sword.
* * * LOW HITPOINT WARNING * * *
You hit the orc. You grab the orc. You squeeze the orc.
You kill the orc!
You hit the hobgoblin.
You kill the hobgoblin!
You closely miss the jackal. You grab the jackal. You constrict the jackal.
You hit the jackal. You squeeze the jackal.
You kill the jackal!
The ball python bites you.
* * * LOW HITPOINT WARNING * * *
The ball python grabs you. The ball python constricts you.
* * * LOW HITPOINT WARNING * * *
The ball python's grasp on you weakens, but your attempt to escape fails.
The jackal barely misses you. The ball python bites you.
You die...

.....##........#####...####......
...........####....#.............
...................##............
...................# ...........
.....#.#...........# ......#.###
.....#.......#.....# ........###
#+##.####...##.....# ...........
#.##.# ....##.....# ....#######
...#.# ........@h.###.#. # ....
...######S....... # ...#
......#.......... ### ....
......)S......... #.. ....
......†.........> .... ....
................. .... ....
.............#### .... ....
............... .... ...
........g....... ....


You could see a jackal and a ball python.

Vanquished Creatures
  An orc wizard (D:2)
  2 adders (D:3)
  A shadow imp (D:3)
  3 orcs
  7 ball pythons
  7 endoplasms
  4 goblins
  4 hobgoblins
  6 jackals
  3 quokkas (D:1)
  6 bats
  4 frilled lizards
  3 kobolds
  A rat (D:1)
52 creatures vanquished.

Notes
Turn   | Place    | Note
-------+----------+-------------------------------------------
     0 | D:1      | Darius099 the Octopode Brigand began the quest for the Orb.
     0 | D:1      | Reached XP level 1. HP: 14/14 MP: 1/1
   195 | D:1      | Reached XP level 2. HP: 17/19 MP: 2/2
   491 | D:1      | Reached XP level 3. HP: 13/24 MP: 3/3
  1234 | D:2      | Reached XP level 4. HP: 30/30 MP: 4/4
  1614 | D:3      | Reached skill level 6 in Stealth
  1780 | D:3      | Slain by a ball python

Illustrated notes

Levels and vault maps discovered:
D:1:      shiori_arrival_maze, layout_rooms, minmay_misc_feat_five
D:2:      layout_loops_cross, nicolae_figureground_sparkle
D:3:      layout_basic, lemuel_round_altar, minmay_fractal_squares_gapless_5

Skill      XL: |  1  2  3  4 |
---------------+-------------+-----
Dodging        | 2 |  2.0
Stealth        | 6 |  6.1
Fighting       | |  2.8
Short Blades   | |  2.8
Throwing       | |  2.7

Action                     |  1- 3 |  4- 6 || total
---------------------------+-------+-------++-------
  Melee: Dagger            |    58 |    27 ||    85
         Constrict         |    11 |     9 ||    20
         Tentacles         |    10 |     6 ||    16
         Punch             |     1 |     1 ||     2
    Use: Scroll            |       |     7 ||     7
   Stab: Sleeping          |    16 |     3 ||    19
 Armour: Skin              |     1 |     2 ||     3
  Dodge: Dodged            |    27 |    21 ||    48

Table legend: (Time is in decaauts)
 A = Elapsed time spent in this place.
 B = Non-inter-level travel time spent in this place.
 C = Inter-level travel time spent in this place.
 D = Time resting spent in this place.
 E = Time spent auto-exploring this place.
 F = Levels seen in this place.
 G = Mean time per level.
                   A        B        C        D        E       F      G
               +--------+--------+--------+--------+--------+-----+--------+
         Total |   1769 |   1672 |     97 |    181 |   1022 |   3 |  589.7 |
       Dungeon |   1769 |   1672 |     97 |    181 |   1022 |   3 |  589.7 |
               +--------+--------+--------+--------+--------+-----+--------+

Top non-repeatable levels by time:
     D:2: 798 daAuts
     D:1: 660 daAuts
     D:3: 309 daAuts
